 Dungeon Crawl Stone Soup version 0.20.0-3-g22ec75f (webtiles) character file.

347 IcySystem the Chiller (level 6, -6/36 HPs)
             Began as an Octopode Ice Elementalist on May 27, 2017.
             Mangled by a bullfrog skeleton (7 damage)
             ... on level 4 of the Dungeon.
             The game lasted 00:18:11 (3869 turns).

IcySystem the Chiller (Octopode Ice Elementalist)   Turns: 3869, Time: 00:18:11

Health: -6/36      AC:  1    Str:  7    XL:     6   Next: 59%
Magic:  3/12       EV: 14    Int: 19    God:
Gold:   273        SH:  0    Dex: 17    Spells: 3/13 levels left

rFire    . . .     SeeInvis .   D - -2 dagger (curse)
rCold    . . .     Gourm    .   (no shield)
rNeg     . . .     Faith    .   (helmet restricted)
rPois    .         Spirit   .   (no amulet)
rElec    .         Reflect  .   d - ring of loudness (curse)
rCorr    .         Harm     .   i - ring of teleportation (curse)
MR       .....     Rnd*Tele +   p - +4 ring of dexterity
Stlth    +++.......             (no ring)
Regen    0.2/turn               (no ring)
MPRegen  0.2/turn               (no ring)
                                (no ring)
                                (no ring)

@: no status effects
A: almost no armour, stealthy swim, amphibious, 8 rings, constrict 8, camouflage
1, gelatinous body 1
a: no special abilities


You were on level 4 of the Dungeon.
You were not hungry.

You visited 1 branch of the dungeon, and saw 4 of its levels.

You collected 273 gold pieces.

Inventory:

Hand Weapons
 c - a +0 club
 m - a +0 spear
 n - a +0 whip
 D - a cursed -2 dagger (weapon)
Armour
 o - a +3 shield
Jewellery
 d - a cursed ring of loudness (left tentacle)
 i - a cursed ring of teleportation (right tentacle)
 p - a +4 ring of dexterity (on tentacle)
Scrolls
 g - a scroll of identify
Potions
 h - a potion of might
 j - 2 potions of heal wounds {unknown}
 k - 2 potions of curing {unknown}
 q - a potion of mutation {unknown}
 r - 2 potions of agility {unknown}
 s - 3 potions of haste {unknown}
 v - a potion of ambrosia {unknown}
 x - a potion of brilliance {unknown}
 z - 2 potions of lignification {unknown}
 A - a potion of resistance {unknown}
Books
 a - a book of Frost

   Spells                             Type                      Level
   a - Freeze                         Ice                          1
   b - Throw Frost                    Conjuration/Ice              2
   c - Ozocubu's Armour               Charms/Ice                   3
   d - Throw Icicle                   Conjuration/Ice              4
   e - Summon Ice Beast               Ice/Summoning                4
 B - a book of Changes

   Spells                             Type                      Level
   a - Beastly Appendage              Transmutation                1
   b - Sticks to Snakes               Transmutation                2
   c - Spider Form                    Transmutation/Poison         3
   d - Ice Form                       Ice/Transmutation            4
   e - Blade Hands                    Transmutation                5
Comestibles
 b - 3 bread rations
 t - 2 royal jellies
 C - a meat ration


   Skills:
 - Level 2.0 Dodging
 - Level 4.0 Stealth
 + Level 4.4 Spellcasting
 - Level 1.0 Conjurations
 + Level 5.2 Ice Magic


You had 3 spell levels left.
You knew the following spells:

 Your Spells              Type           Power        Failure   Level  Hunger
a - Freeze                Ice            ###.         1%          1    None
b - Throw Frost           Conj/Ice       ###...       5%          2    #......
c - Ozocubu's Armour      Chrm/Ice       ##......     14%         3    ###....
d - Throw Icicle          Conj/Ice       ###.....     36%         4    ####...


Dungeon Overview and Level Annotations

Branches:
Dungeon (4/15)
 Temple: D:4-7

Altars:
Hepliaklqana
The Shining One


Innate Abilities, Weirdness & Mutations

You cannot wear most types of armour.
You are very stealthy in the water. (Stealth+)
You are amphibious.
You can wear up to eight rings at the same time.
You can use your tentacles to constrict eight enemies at once.
Your skin changes colour to match your surroundings (Stealth+).
Your rubbery body absorbs attacks. (AC +1, EV +1)


Message History

You are too injured to fight recklessly!
You are too injured to fight recklessly!
You hit the bullfrog skeleton. You grab the bullfrog skeleton.
The bullfrog skeleton is moderately damaged.
You constrict the bullfrog skeleton. The bullfrog skeleton hits you.
* * * LOW HITPOINT WARNING * * *
The bullfrog skeleton hits you.
* * * LOW HITPOINT WARNING * * *
You hit the bullfrog skeleton but do no damage.
The bullfrog skeleton is moderately damaged.
You constrict the bullfrog skeleton.
The bullfrog skeleton closely misses you.
You hit the bullfrog skeleton.
The bullfrog skeleton is heavily damaged.
You constrict the bullfrog skeleton. The bullfrog skeleton hits you.
* * * LOW HITPOINT WARNING * * *
You hit the bullfrog skeleton.
The bullfrog skeleton is heavily damaged.
You constrict the bullfrog skeleton. The bullfrog skeleton hits you!
You die...

................................
...........(..<.................
................................
.........[...................>..
............<..............
...........................
.........Z..##............(
..#######Z#####............
#.@..#######...hh.. ####......
#.h..... #####


You could see an adder skeleton and a bullfrog skeleton.

Vanquished Creatures
  An ogre (D:4)
  Jessica (D:2)
  Natasha (thrice) (D:3 D:4)
  2 worker ants (D:4)
  4 adders
  An ooze (D:4)
  4 worms
  A dart slug (D:2)
  A leopard gecko (D:1)
  An orc (D:3)
  8 bats
  3 giant cockroaches
  4 goblins
  8 hobgoblins
  5 jackals
  2 quokkas (D:2)
  4 frilled lizards
  9 kobolds
  9 rats
71 creatures vanquished.

Notes
Turn   | Place    | Note
-------+----------+-------------------------------------------
     0 | D:1      | IcySystem the Octopode Ice Elementalist began the quest for the Orb.
     0 | D:1      | Reached XP level 1. HP: 11/11 MP: 3/3
   220 | D:1      | Reached XP level 2. HP: 2/17 MP: 0/5
   620 | D:1      | Learned a level 2 spell: Throw Frost
  1417 | D:2      | Reached XP level 3. HP: 21/21 MP: 4/6
  1867 | D:2      | Found a glowing golden altar of the Shining One.
  1962 | D:2      | Reached XP level 4. HP: 27/27 MP: 7/7
  1983 | D:2      | Noticed Jessica
  1986 | D:2      | Killed Jessica
  1986 | D:2      | Reached skill level 4 in Ice Magic
  2282 | D:3      | Found a hazy altar of Hepliaklqana.
  2306 | D:3      | Noticed Natasha
  2489 | D:3      | Found a faded altar of an unknown god.
  2589 | D:2      | Reached XP level 5. HP: 28/31 MP: 7/9
  2611 | D:3      | Killed Natasha
  2742 | D:3      | Noticed Natasha
  2749 | D:3      | Killed Natasha
  3370 | D:4      | Noticed Natasha
  3519 | D:4      | Killed Natasha
  3519 | D:4      | Reached XP level 6. HP: 28/36 MP: 4/12
  3589 | D:4      | Reached skill level 5 in Ice Magic
  3651 | D:4      | Learned a level 3 spell: Ozocubu's Armour
  3656 | D:4      | Learned a level 4 spell: Throw Icicle
  3868 | D:4      | HP: 1/36 [bullfrog skeleton (1)]
  3869 | D:4      | Mangled by a bullfrog skeleton

Skill      XL: |  1  2  3  4  5  6 |
---------------+-------------------+-----
Stealth        | 3 4 |  4.0
Ice Magic      | 4 5 |  5.2
Spellcasting   | 3 4 |  4.4
Dodging        | |  2.0
Conjurations   | |  1.0

Action                   |  1- 3 |  4- 6 || total
-------------------------+-------+-------++-------
Melee: Club              |    20 |       ||    20
       Spear             |    54 |    67 ||   121
       Constrict         |    16 |    16 ||    32
       Tentacles         |     8 |     8 ||    16
       Dagger            |       |     7 ||     7
 Cast: Freeze            |    22 |    33 ||    55
       Throw Frost       |     3 |    32 ||    35
  Use: Scroll            |       |     7 ||     7
 Stab: Sleeping          |     7 |     1 ||     8
  Eat: Chunk             |     4 |     6 ||    10
       Fruit             |       |     1 ||     1
Armor: Skin              |     6 |     7 ||    13
Dodge: Dodged            |    56 |    49 ||   105
